 Dungeon Crawl Stone Soup version 0.24-a0-433-gbe6fa4f (webtiles) character file.

Game seed: 10867617676973914564

119 Spazmo the Magician (level 4, -11/24 HPs)
             Began as a Deep Elf Fire Elementalist on June 13, 2019.
             Mangled by an iguana (13 damage)
             ... on level 4 of the Dungeon.
             The game lasted 00:04:53 (2154 turns).

Spazmo the Magician (Deep Elf Fire Elementalist)    Turns: 2154, Time: 00:04:53

Health: -11/24     AC:  2    Str:  5    XL:     4   Next: 74%
Magic:  7/12       EV: 13    Int: 21    God:
Gold:   104        SH:  0    Dex: 15    Spells: 2/12 levels left

rFire    . . .     SeeInvis .   d - +1 short sword (freeze)
rCold    . . .     Gourm    .   (no shield)
rNeg     . . .     Faith    .   a - +0 robe
rPois    .         Spirit   .   (no helmet)
rElec    .         Reflect  .   (no cloak)
rCorr    .         Harm     .   (no gloves)
MR       .....                  (no boots)
Stlth    ++........             (no amulet)
HPRegen  0.08/turn              (no ring)
MPRegen  0.13/turn              (no ring)

@: no status effects
A: no striking features
a: no special abilities


You were on level 4 of the Dungeon.
You were not hungry.

You visited 1 branch of the dungeon, and saw 4 of its levels.

You collected 104 gold pieces.

Inventory:

Hand Weapons
 d - a +1 short sword of freezing (weapon)
Missiles
 g - 19 stones (quivered)
Armour
 a - a +0 robe (worn)
Scrolls
 e - 2 scrolls of teleportation
 k - a scroll of identify
 l - a scroll of remove curse
Potions
 b - a potion of lignification {unknown}
 f - a potion of ambrosia {unknown}
 i - a potion of brilliance {unknown}
 j - 2 potions of curing
 m - a potion of berserk rage {unknown}
Comestibles
 c - 6 rations


   Skills:
 - Level 2.4 Dodging
 - Level 2.4 Stealth
 + Level 4.6 Spellcasting
 + Level 3.0 Conjurations
 + Level 4.4 Fire Magic


You had 2 spell levels left.
You knew the following spells:

 Your Spells              Type           Power        Failure   Level  Hunger
a - Flame Tongue          Conj/Fire      ###..        2%          1    None
b - Throw Flame           Conj/Fire      ###...       3%          2    #......
c - Conjure Flame         Conj/Fire      ###.....     8%          3    ##.....
d - Sticky Flame          Conj/Fire      ###.....     24%         4    ####...

Your spell library contained the following spells:

 Spells                   Type           Power        Failure   Level  Hunger
 Inner Flame              Hex/Fire       ##......     14%         3    ##.....
 Fireball                 Conj/Fire      ###.......   56%         5    ######.


Dungeon Overview and Level Annotations

Branches:
Dungeon (4/15)
 Temple: D:4-7

Altars:
Sif Muna
The Shining One


Message History

Aim: an iguana (heavily wounded)
The flame tongue hits the iguana but does no damage.
The iguana is heavily wounded.
Casting: Flame Tongue (safe; 2% risk of failure)
Confirm with . or Enter, or press ? or * to list all spells.
Aiming: Flame Tongue (safe; 2% risk of failure)
Press: ? - help, Shift-Dir - straight line, f/p - iguana
Aim: an iguana (heavily wounded)
The flame tongue misses the iguana.
The iguana bites you!
* * * LOW HITPOINT WARNING * * *
Casting: Flame Tongue (safe; 2% risk of failure)
Confirm with . or Enter, or press ? or * to list all spells.
Aiming: Flame Tongue (safe; 2% risk of failure)
Press: ? - help, Shift-Dir - straight line, f/p - iguana
Aim: an iguana (heavily wounded)
The flame tongue hits the iguana.
The iguana is almost dead.
The iguana bites you!
Ouch! That really hurt!
You die...

.## ######
...##....#
.........##
...(......#
..........#
........#
#.l..# #.@#
#).# #..#
#..# #..#
##.. ##..
#.. #..


You could see an iguana.

Vanquished Creatures
  A hound (D:4)
  Terence (D:3)
  An adder (D:3)
  2 worms (D:2)
  2 dart slugs (D:1)
  A leopard gecko (D:2)
  3 orcs
  6 bats
  2 giant cockroaches (D:1)
  6 goblins
  5 hobgoblins
  2 ball pythons
  A frilled lizard (D:1)
  5 kobolds
  6 rats
44 creatures vanquished.

Notes
Turn   | Place    | Note
-------+----------+-------------------------------------------
     0 | D:1      | Spazmo the Deep Elf Fire Elementalist began the quest for
                  | the Orb.
     0 | D:1      | Reached XP level 1. HP: 10/10 MP: 6/6
   147 | D:1      | Reached XP level 2. HP: 12/15 MP: 2/8
   151 | D:1      | Learned a level 2 spell: Throw Flame
   790 | D:2      | Reached XP level 3. HP: 19/19 MP: 3/10
   795 | D:2      | Learned a level 3 spell: Conjure Flame
   911 | D:2      | Found a deep blue altar of Sif Muna.
  1337 | D:3      | Noticed Terence
  1886 | D:3      | Killed Terence
  1886 | D:3      | Reached XP level 4. HP: 23/24 MP: 2/12
  1897 | D:3      | Learned a level 4 spell: Sticky Flame
  1945 | D:3      | Found a glowing golden altar of the Shining One.
  2154 | D:4      | Mangled by an iguana

Levels and vault maps discovered:
D:1:      minmay_arrival_checkered_box, layout_loops_ring
D:2:      layout_basic, old_standard_altar
D:3:      layout_loops_ring, overflow_temple_1_default, uniq_terence
D:4:      minmay_inner_zag, layout_layer_cave, nicolae_overflow_hidden_temple,
          first_ration, uniq_grinder

Skill      XL: |  1  2  3  4 |
---------------+-------------+-----
Conjurations   | 2 3 |  3.0
Spellcasting   | 4 |  4.6
Fire Magic     | 4 |  4.4
Dodging        | |  2.4
Stealth        | |  2.4

Action                   |  1- 3 |  4- 6 || total
-------------------------+-------+-------++-------
 Cast: Flame Tongue      |    99 |    15 ||   114
       Throw Flame       |     2 |     1 ||     3
  Use: Scroll            |     3 |     1 ||     4
       Potion            |     1 |       ||     1
  Eat: Chunk             |     3 |     1 ||     4
Armor: Robe              |     4 |       ||     4
Dodge: Dodged            |    20 |     5 ||    25

Table legend:
 A = Non-vault XP
 B = Vault XP
 C = Vault XP percentage of total XP
 D = Non-vault monster count
 E = Vault monster count
 F = Vault count percentage of total count
                 A         B        C        D         E       F
            +---------+---------+-------+---------+---------+-------
      Total |     133 |      38 |  22.2 |      43 |       1 |   2.3
            +---------+---------+-------+---------+---------+-------
        D:1 |      34 |       0 |   0.0 |      20 |       0 |   0.0
        D:2 |      20 |       0 |   0.0 |       9 |       0 |   0.0
        D:3 |      31 |      38 |  55.1 |      11 |       1 |   8.3
        D:4 |      48 |       0 |   0.0 |       3 |       0 |   0.0
            +---------+---------+-------+---------+---------+-------
